 Dungeon Crawl Stone Soup version 0.28.0-53-g5a82cb258f (webtiles) character file.

Game seed: 15257252518544371323

7162 safid the Severer (level 11, -24/95 HPs)
             Began as a Hill Orc Fighter on June 28, 2022.
             Was a Believer of Beogh.
             Annihilated by an ettin
             ... wielding a +0 dire flail
              (26 damage)
             ... on level 10 of the Dungeon on June 29, 2022.
             The game lasted 00:18:15 (11239 turns).

safid the Severer (Hill Orc Fighter)               Turns: 11239, Time: 00:18:16

Health: -24/95     AC: 18    Str: 24    XL:     11   Next: 10%
Magic:  0/17       EV:  6    Int:  8    God:    Beogh [**....]
Gold:   317        SH:  5    Dex: 13    Spells: 10/10 levels left

rFire   . . .      SeeInvis .   B - +5 war axe "Kaschor" {protect, Dex+3}
rCold   . . .      Faith    .   c - +0 buckler
rNeg    . . .      Spirit   +   I - +0 plate armour
rPois   .          Reflect  .   (no helmet)
rElec   .          Harm     .   (no cloak)
rCorr   .          Rampage  .   F - +0 pair of gloves
Will    +....                   k - +2 pair of boots
Stlth   ..........              o - amulet of guardian spirit
HPRegen 0.25/turn               w - ring of willpower
MPRegen 0.15/turn               (no ring)

@: about to teleport
A: no striking features
a: Renounce Religion, Smiting


You were on level 10 of the Dungeon.
You worshipped Beogh.
Beogh was pleased with you.
You visited 1 branch of the dungeon, and saw 11 of its levels.

You collected 538 gold pieces.
You spent 221 gold pieces at shops.

Inventory:

Hand Weapons
 m - the +3 war axe "Ciemes" {holy, rC- Int+4 Dex+4}
   (You found it on level 2 of the Dungeon)

   It has been blessed by the Shining One to cause great damage to the undead
   and demons.
   Int:       It affects your intelligence (+4).
   Dex:       It affects your dexterity (+4).
   rC:        It makes you vulnerable to cold.
 B - the +5 war axe "Kaschor" (weapon) {protect, Dex+3}
   (You found it on level 6 of the Dungeon)

   It grants its wielder temporary protection when it strikes (+7 to AC).
   Dex:       It affects your dexterity (+3).
Missiles
 a - 2 curare-tipped darts
 l - 21 poisoned darts (quivered)
 q - 5 javelins
Armour
 c - a +0 buckler (worn)
 k - a +2 pair of boots (worn)
 F - a +0 pair of gloves (worn)
 I - a +0 plate armour (worn)
Jewellery
 o - an amulet of guardian spirit (around neck)
 w - a ring of willpower (left hand)
 N - a ring of wizardry
Wands
 b - a wand of charming (4)
 u - a wand of polymorph (6)
 O - a wand of iceblast (3)
Scrolls
 g - 2 scrolls of holy word
 h - a scroll of acquirement {unknown}
 i - 3 scrolls of fog
 n - 2 scrolls of enchant weapon
 p - a scroll of amnesia {unknown}
 r - 2 scrolls of blinking {unknown}
 s - 2 scrolls of enchant armour
 t - 4 scrolls of teleportation
 x - a scroll of identify
 y - 2 scrolls of vulnerability
 G - a scroll of silence {unknown}
 J - a scroll of immolation {unknown}
 M - a scroll of fear
Potions
 d - a potion of might
 e - a potion of flight
 f - a potion of mutation {unknown}
 j - 7 potions of curing
 v - a potion of magic {unknown}
 z - 5 potions of lignification
 A - a potion of degeneration {unknown}
 C - 4 potions of brilliance
 D - a potion of cancellation {unknown}
 E - a potion of heal wounds {unknown}
 H - a potion of attraction {unknown}
 K - a potion of berserk rage {unknown}
 L - a potion of haste {unknown}


   Skills:
 + Level 8.5 Fighting
 - Level 16.0 Axes
 + Level 8.0 Armour
 - Level 4.0 Shields
 + Level 8.0 Invocations


You had 10 spell levels left.
You didn't know any spells.
Your spell library contained the following spells:

 Spells                   Type           Power      Damage    Failure   Level
 Apportation              Tloc           0%         N/A       100%        1
 Gell's Gravitas          Tloc           0%         N/A       100%        3
 Ozocubu's Armour         Ice            0%         N/A       100%        3
 Teleport Other           Tloc           0%         N/A       100%        3
 Airstrike                Air            0%         N/A       100%        4
 Summon Lightning Spire   Summ/Air       0%         N/A       100%        4
 Alistair's Intoxication  Tmut/Pois      0%         N/A       100%        5
 Lightning Bolt           Conj/Air       0%         1d11      100%        5
 Metabolic Englaciation   Hex/Ice        0%         N/A       100%        5
 Dispersal                Tloc           0%         N/A       100%        6
 Simulacrum               Ice/Necr       0%         N/A       100%        6


Dungeon Overview and Level Annotations

Branches:
Dungeon (11/15)            Temple (0/1) D:6            Lair (0/6) D:10
    Orc (0/2) D:10

Altars:
Elyvilon
Vehumet

Shops:
D:3 ?   D:10 ?

Portals:
Trove: D:11 (give +3 shadow dragon scales)

Annotations:
D:3 2 runed translucent doors, Crazy Yiuf; Sin92's ghost, amateur DsFi
D:5 3 runed translucent doors, turdburglar's ghost, novice DsFi
D:8 3 runed translucent doors, issech's ghost, novice MiMo
D:11 1 runed translucent door


Message History

a +1 hand axe of freezing; a +0 leather armour; a +0 war axe
Things that are here:
a +0 falchion; a +0 ring mail
Things that are here:
a +0 dagger; a +0 ring mail; a +0 hand axe
Things that are here:
a +1 hand axe of freezing; a +0 leather armour; a +0 war axe
There is a stone staircase leading up here.
You open the door.
There is an open door here.
An ettin comes into view. It is wielding two +0 dire flails.
You hit the ettin but do no damage.
Your weapon exudes an aura of protection.
You slash the ettin!
The ettin is moderately wounded.
The ettin barely misses you. You block the ettin's attack.
You slash the ettin!
The ettin is moderately wounded.
The ettin hits you with a +0 dire flail!
The ettin hits you with a +0 dire flail!!
You hit the ettin but do no damage.
The ettin is moderately wounded.
You hit the ettin.
The ettin is moderately wounded.
The ettin hits you with a +0 dire flail.
The ettin hits you with a +0 dire flail!
You slash the ettin!
The ettin is heavily wounded.
The ettin hits you with a +0 dire flail! x2
There is an open door here.
Why would you want to do that?
As you read the scroll of teleportation, it crumbles to dust.
You feel strangely unstable.
The ettin hits you with a +0 dire flail!!
* * * LOW HITPOINT WARNING * * *
The ettin barely misses you.
The ettin hits you with a +0 dire flail!!
* * * LOW HITPOINT WARNING * * *
The ettin hits you with a +0 dire flail!!
You die...

##.#.....#..##.....## ##.## #.
.....#.............# ##.# ##.
.###...#####.......# #..## ##..
.# ##..# ##..###..####....###...
.## ##.# #..## #...#....##......
#.# #.####.## #.##...# ##....#.
#.####...#..# ##.###..###....###
#..##......## ##.## ##.##.....# #
##...#####.####.@.####........###
......## #..##...C......#.......#
..###..####.#...###...###.....##.
#.# ##...##...## ###.# #.....###
.## ##........## ##..###.##.## #
### ##........###........#.# #
#.#####......###...####.#..#.##
#.#...........#....## #.##....#
##........##.<......###.###...##


You could see an ettin.

Vanquished Creatures
  2 two-headed ogres
  A troll (D:10)
  A hornet (D:8)
  Prince Ribbit (D:5)
  A wraith (D:10)
  A wyvern (D:11)
  10 yaks
  An acid dragon (D:10)
  3 water moccasins
  An orc warrior (D:7)
  2 sky beasts
  A black bear (D:6)
  3 ogres
  A necrophage (D:6)
  3 centaurs
  A bullfrog (D:8)
  3 kobold brigands
  4 scorpions
  2 wyvern skeletons
  10 killer bees
  A howler monkey (D:8)
  3 centaur zombies
  2 jellies (D:6)
  3 hounds
  A gnoll shaman (D:5)
  A centaur skeleton (D:7)
  A bullfrog skeleton (D:5)
  A scorpion zombie (D:5)
  3 orc wizards
  Natasha (thrice) (D:3)
  A hound zombie (D:5)
  A human simulacrum (D:9)
  2 hound skeletons (D:4)
  A howler monkey zombie (D:6)
  9 gnolls
  A howler monkey skeleton (D:7)
  7 adders
  2 shadow imps
  3 white imps
  2 ufetubi
  3 worms
  8 dart slugs
  26 orcs
  10 ball pythons
  8 bats
  3 endoplasms
  2 giant cockroaches
  3 goblins
  A hobgoblin (D:1)
  8 jackals (D:1)
  19 kobolds
  4 quokkas
  3 frilled lizards
  5 rats
203 creatures vanquished.

Vanquished Creatures (others)
  A human simulacrum (D:9)
  4 plants (D:4)
5 creatures vanquished.

Grand Total: 208 creatures vanquished

Notes
Turn   | Place    | Note
-------+----------+-------------------------------------------
     0 | D:1      | safid the Hill Orc Fighter began the quest for the Orb.
     0 | D:1      | Reached XP level 1. HP: 19/19 MP: 1/1
   149 | D:1      | Reached skill level 3 in Axes
   149 | D:1      | Reached XP level 2. HP: 27/27 MP: 2/2
   264 | D:1      | Reached XP level 3. HP: 11/33 MP: 3/3
  1044 | D:2      | Reached XP level 4. HP: 40/40 MP: 4/4
  1080 | D:2      | Reached skill level 4 in Axes
  1215 | D:2      | Identified the +3 war axe "Ciemes" {holy, rC- Int+4 Dex+4}
  1311 | D:2      | Found a white marble altar of Elyvilon.
  1586 | D:3      | Found a faded altar of an unknown god.
  1693 | D:3      | Reached skill level 5 in Axes
  1695 | D:3      | Reached XP level 5. HP: 27/46 MP: 5/5
  1861 | D:3      | Found a runed translucent door.
  1863 | D:3      | Noticed Sin92's ghost (amateur DsFi)
  1901 | D:3      | Noticed Natasha
  1905 | D:3      | Killed Natasha
  1906 | D:3      | Reached skill level 6 in Axes
  1924 | D:3      | Found Deatsus's Magic Scroll Shop.
  1929 | D:3      | Bought a scroll of identify for 20 gold pieces
  1929 | D:3      | Bought a scroll of noise for 10 gold pieces
  1929 | D:3      | Bought a scroll of teleportation for 30 gold pieces
  1971 | D:3      | Noticed Natasha
  1982 | D:3      | Killed Natasha
  2184 | D:3      | Found a runed translucent door.
  2185 | D:3      | Noticed Crazy Yiuf
  2337 | D:3      | Noticed Natasha
  2354 | D:3      | Killed Natasha
  2355 | D:3      | Reached XP level 6. HP: 32/52 MP: 6/6
  2524 | D:4      | Reached skill level 7 in Axes
  2877 | D:4      | Found a radiant altar of Vehumet.
  3277 | D:4      | Identified the +1 scale mail of the Hills {Rampage *Corrode
                  | Str-5 Slay+5}
  3507 | D:5      | Entered Level 5 of the Dungeon
  3515 | D:5      | Reached skill level 8 in Axes
  3772 | D:5      | Reached XP level 7. HP: 56/59 MP: 7/7
  3946 | D:5      | Reached skill level 9 in Axes
  4028 | D:5      | Reached skill level 10 in Axes
  4363 | D:5      | Noticed Prince Ribbit
  4387 | D:5      | Killed Prince Ribbit
  4388 | D:5      | Reached skill level 11 in Axes
  4388 | D:5      | Reached XP level 8. HP: 44/66 MP: 8/8
  4534 | D:5      | Found a runed translucent gate.
  4534 | D:5      | Found a runed translucent gate.
  4534 | D:5      | Found a runed translucent gate.
  4712 | D:5      | Reached skill level 12 in Axes
  5114 | D:5      | Noticed turdburglar's ghost (novice DsFi)
  5173 | D:6      | Became a worshipper of Beogh the Brigand
  5249 | D:6      | Found a staircase to the Ecumenical Temple.
  5249 | D:6      | Identified the +5 war axe "Kaschor" {protect, Dex+3}
  5286 | D:7      | Reached skill level 13 in Axes
  5809 | D:7      | Reached XP level 9. HP: 55/71 MP: 9/9
  5963 | D:7      | Reached skill level 14 in Axes
  6087 | D:7      | Noticed a two-headed ogre
  6314 | D:6      | Reached skill level 15 in Axes
  6964 | D:7      | Killed a two-headed ogre
  6965 | D:7      | Reached skill level 16 in Axes
  6968 | D:7      | Reached * piety under Beogh
  7288 | D:7      | Found a white marble altar of Elyvilon.
  7410 | D:8      | Reached skill level 5 in Fighting
  7581 | D:8      | Noticed issech's ghost (novice MiMo)
  7581 | D:8      | Noticed a centaur warrior
  7582 | D:8      | Noticed a hornet
  7592 | D:8      | Found a runed translucent gate.
  7592 | D:8      | Found a runed translucent gate.
  7592 | D:8      | Found a runed translucent gate.
  7642 | D:8      | Reached skill level 5 in Armour
  7642 | D:8      | Reached XP level 10. HP: 74/81 MP: 12/12
  7927 | D:8      | Paralysed by a hornet for 1 turns
  7930 | D:8      | Reached skill level 5 in Invocations
  8821 | D:9      | Noticed a two-headed ogre
  8839 | D:9      | Killed a two-headed ogre
  9639 | D:10     | Entered Level 10 of the Dungeon
  9741 | D:10     | Reached ** piety under Beogh
  9876 | D:10     | You fall into a shaft and drop 1 floor!
  9976 | D:11     | Found a runed translucent door.
  9988 | D:11     | Noticed a +1 vampiric demon trident
  9988 | D:11     | Noticed a +2 demon whip of pain
  9989 | D:11     | Noticed a +2 demon blade of draining
 10002 | D:11     | Noticed a cyclops
 10035 | D:11     | Noticed a tengu warrior
 10035 | D:11     | Noticed an orc knight
 10044 | D:11     | Found a portal to a secret trove of treasure.
 10140 | D:10     | Found a staircase to the Lair.
 10430 | D:10     | Found a staircase to the Orcish Mines.
 10752 | D:10     | Reached XP level 11. HP: 92/94 MP: 14/16
 10792 | D:10     | Found Sotox's Magic Scroll Shop.
 10796 | D:10     | Bought a scroll of fear for 49 gold pieces
 10796 | D:10     | Bought a scroll of teleportation for 42 gold pieces
 10796 | D:10     | Bought a scroll of teleportation for 42 gold pieces
 10796 | D:10     | Bought a scroll of fog for 28 gold pieces
 11198 | D:10     | Noticed an ettin
 11239 | D:10     | HP: 2/95 [ettin/+0 dire flail (22)]
 11239 | D:10     | Annihilated by an ettin

Illustrated notes

Levels and vault maps discovered:
D:1:      psy_arrival_whirlpool, layout_loops_ring, minmay_statues_item
D:2:      layout_rooms, basic_altar
D:3:      layout_loops_ring, serial_shops, nicolae_shop_trees,
          dreamdust_ecumenical_altar_grove, ebering_ghost_sewer_d, uniq_natasha,
          uniq_crazy_yiuf_cottage
D:4:      layout_basic, fiery_altar_vehumet, kennysheep_boxes
D:5:      layout_cave_pods, gammafunk_ghost_icy, roderic_serpentine_path,
          uniq_prince_ribbit1
D:6:      layout_basic, minmay_temple_entry_gardened_gates,
          gup_sewer_entry_glass
D:7:      layout_loops_ring, kennysheep_little_box
D:8:      layout_layer_cave, gammafunk_ghost_split
D:9:      layout_stronghold, bh_circular_ruins
D:10:     layout_layer_cave, dpeg_oklobed_lair, david_orc_2, serial_shops, shop,
          kennysheep_just_a_vault
D:11:     minmay_bloctagon, layout_rooms, nicolae_trove_entry_diagonal,
          nicolae_danse_macabre

Skill      XL: |  1  2  3  4  5  6  7  8  9 10 11 |
---------------+----------------------------------+-----
Axes           | 3 5 6 8 11 13 16 | 16.0
Fighting       | 4 5 8 |  8.5
Armour         | 4 5 7 8 |  8.0
Shields        | 4 |  4.0
Invocations    | 3 7 8 |  8.0

Action                   |  1- 3 |  4- 6 |  7- 9 | 10-12 || total
-------------------------+-------+-------+-------+-------++-------
Melee: War axe           |   106 |   111 |   227 |   149 ||   593
       Unarmed           |       |    20 |       |       ||    20
Throw: Dart              |       |       |    19 |     1 ||    20
Invok: Convert to Beogh  |       |       |     1 |       ||     1
  Use: Scroll            |       |       |     4 |     5 ||     9
       Potion            |       |       |     1 |       ||     1
Armor: Scale mail        |    60 |    37 |    97 |    20 ||   214
       Skin              |       |     4 |       |       ||     4
       Plate armour      |       |       |       |    64 ||    64
Dodge: Dodged            |    53 |    67 |    86 |    58 ||   264
Block: Buckler           |    26 |    39 |    47 |    32 ||   144
